 Dungeon Crawl Stone Soup version 0.18.1-48-g4cf74bf (webtiles) character file.

129 mopl the Sneak (level 5, -4/29 HPs)
             Began as a Vine Stalker Wanderer on Aug 29, 2016.
             Killed by divine providence
             ... invoked by an orc priest
              (13 damage)
             ... on level 4 of the Dungeon.
             The game lasted 00:02:47 (2223 turns).

mopl the Sneak (Vine Stalker Wanderer)              Turns: 2223, Time: 00:02:48

Health: -4/29      AC:  3    Str: 17    XL:     5   Next: 12%
Magic:  0/6        EV: 12    Int: 13    God:
Gold:   161        SH:  0    Dex: 20    Spells: 0 memorised, 4 levels left

rFire  . . .     SeeInvis .     a - +2 quarterstaff
rCold  . . .     Gourm    .     d - +0 robe
rNeg   . . .     Faith    .     (shield currently unavailable)
rPois  .         Spirit   +     (no helmet)
rElec  .         Dismiss  .     (no cloak)
rCorr  .         Reflect  .     r - +0 pair of gloves
SustAt .         Harm     .     (no boots)
MR     .....                    (no amulet)
Stlth  +++.......               y - +5 ring of dexterity
                                m - +4 ring of strength

@: not resistant to hostile enchantments, fairly stealthy
A: fangs 2, regeneration 1, magic shield, antimagic bite, no device heal 3, rot
immunity
a: no special abilities


You were on level 4 of the Dungeon.
You were not hungry.

You visited 1 branch of the dungeon, and saw 4 of its levels.

You collected 161 gold pieces.

Inventory:

Hand Weapons
 a - a +2 quarterstaff (weapon)
 e - a +0 dagger
 A - a +0 blowgun
Missiles
 z - 14 poisoned needles
Armour
 d - a +0 robe (worn)
 r - a +0 pair of gloves (worn)
 x - a +0 buckler
Jewellery
 m - a +4 ring of strength (left hand)
 y - a +5 ring of dexterity (right hand)
Scrolls
 b - 3 scrolls of teleportation
 g - 3 scrolls of immolation {unknown}
 h - 3 scrolls of remove curse {unknown}
 k - a scroll of recharging {unknown}
 l - 2 scrolls of magic mapping {unknown}
 o - 3 scrolls of random uselessness {unknown}
 v - 2 scrolls of identify {unknown}
 D - a scroll of fog {unknown}
Potions
 c - 2 potions of lignification {!q}
 i - 2 potions of resistance {unknown}
 n - a potion of degeneration {unknown}
 q - a potion of curing {unknown}
 t - 2 potions of heal wounds {unknown}
 u - a potion of mutation {unknown}
 B - a potion of might {unknown}
 C - a potion of agility {unknown}
Comestibles
 f - 3 bread rations
 j - 4 fruits
 p - a slice of pizza
 s - a beef jerky
 w - a meat ration


   Skills:
 + Level 4.2 Fighting
 + Level 1.5 Short Blades
 - Level 1.7 Staves
 + Level 2.0 Throwing
 - Level 1.0 Dodging
 + Level 4.7 Stealth


You had 4 spell levels left.
You didn't know any spells.

Dungeon Overview and Level Annotations

Branches:
Dungeon (4/15)
 Temple: D:4-7

Altars:


Innate Abilities, Weirdness & Mutations

You have extremely sharp teeth.
Your natural rate of healing is unusually fast.
When hurt, damage is shared between your health and your magic reserves.
Your bite disrupts and absorbs the magic of your enemies.
Potions and wands cannot restore your health.
You are immune to rotting.


Message History

You climb downwards.
There is a stone staircase leading up, spattered with blood here.
The orc priest calls down the wrath of Beogh upon you.
Beogh smites you!
You hear a shout!
You hit the orc priest.
The orc priest is lightly wounded.
The orc priest mumbles some strange prayers to Beogh against you.
Pain shoots through your body!
You are too injured to fight recklessly!
You are too injured to fight recklessly!
You are too injured to fight recklessly!
You closely miss the orc priest. Your bite misses the orc priest.
The orc priest is lightly wounded.
The orc priest hits you but does no damage.
You hit the orc priest.
The orc priest is moderately wounded.
The orc priest invokes the aid of Beogh against you.
Beogh smites you!
You die...

..#########.######.#
#..................#
#..................+
#..................#
#.................#
#....o.###+########
#......###.##
#####.........
#<.@o........
####.####.### #.# #
..# ..# ...# ...# .#


You could see an orc priest and an orc.

Vanquished Creatures
  2 orc wizards (D:3)
  2 adders
  An ooze (D:3)
  4 worms
  A dart slug (D:2)
  2 giant geckos (D:1)
  An orc (D:3)
  4 bats
  A giant cockroach (D:1)
  3 goblins
  2 hobgoblins
  3 jackals (D:1)
  A giant gecko skeleton (D:4)
  A giant newt (D:2)
  6 kobolds
  A rat (D:1)
35 creatures vanquished.

Notes
Turn   | Place    | Note
--------------------------------------------------------------
     0 | D:1      | mopl the Vine Stalker Wanderer began the quest for the Orb.
     0 | D:1      | mopl set off with: a +2 quarterstaff, a scroll of teleportation, a potion of lignification {!q}, a +0 robe, a +0 dagger, a bread ration
     0 | D:1      | Reached XP level 1. HP: 12/12 MP: 2/2
   248 | D:1      | Reached XP level 2. HP: 13/17 MP: 1/3
   521 | D:1      | Reached skill level 1 in Throwing
   824 | D:2      | Reached skill level 4 in Stealth
   824 | D:2      | Reached XP level 3. HP: 4/21 MP: 4/4
  1165 | D:2      | Reached skill level 1 in Short Blades
  1542 | D:3      | Reached skill level 4 in Fighting
  1731 | D:3      | Reached XP level 4. HP: 18/25 MP: 3/5
  2138 | D:3      | Reached skill level 2 in Throwing
  2138 | D:3      | Reached XP level 5. HP: 6/29 MP: 6/6
  2223 | D:4      | Killed from afar by an orc priest

Skill      XL: |  1  2  3  4 |
---------------+-------------+-----
Throwing       | 1 2 |  2.0
Stealth        | 4 |  4.7
Short Blades   | 1 |  1.5
Fighting       | 4 |  4.2
Staves         | |  1.7
Dodging        | |  1.0

Action                   |  1- 3 |  4- 6 || total
-------------------------+-------+-------++-------
Melee: Quarterstaff      |    75 |    40 ||   115
       Bite              |    17 |    15 ||    32
 Stab: Sleeping          |    11 |       ||    11
  Eat: Chunk             |     1 |     3 ||     4
Armor: Robe              |    12 |     6 ||    18
Dodge: Dodged            |    46 |    13 ||    59
